[Event "*** Titled Tuesday Blitz"]
[Site "Chess.com"]
[Date "2020.10.20"]
[Round "8"]
[White "enriquetejedor"]
[Black "indfraeng"]
[Result "1/2-1/2"]
[WhiteElo "2452"]
[BlackElo "2344"]
[TimeControl "180+1"]
[EndTime "11:38:30 PDT"]
[Termination "Game drawn by repetition"]

1. e4 e5 2. Nf3 Nc6 3. Bc4 Bc5 4. O-O Nf6 5. d3 h6 6. Be3 Bxe3 7. fxe3 O-O 8. Nc3 d6 9. h3 Be6 10. Bb3 Bxb3 11.
axb3 d5 12. exd5 Nxd5 13. Nxd5 Qxd5 14. e4 Qd6 15. Kh1 Nd4 16. Nd2 b5 17. Rf2 Ne6 18. Nf1 Qd4 19. Qe1 c5 20. Ne3 g6 21. c3 Qxd3 22. Nd5 Nf4 23. Rd1 Qg3 24. Rfd2 Qxe1+ 25. Rxe1 Rad8 26. Red1 Ne6 27. Ra1 f5 28. Rxa7 Kh8 29.
c4 bxc4 30. bxc4 fxe4 31. Re2 Nf4 32. Rxe4 Nxd5 33. cxd5 Rxd5 34. Re7 Rf5 35. Re6 Kg7 36. Ra4 Rf7 37. Rb6 Kh7 38. Raa6 Rg7 39. Re6 c4 40.
Rac6 Rd1+ 41. Kh2 Rd2 42. Rxc4 Rxb2 43. Rxe5 Rf7 44. Re3 h5 45. Rg3 Kh6 46. Rc6 Rg7 47. Rf3 Rbb7 48. Rf8 Rh7 49. Rg8 Rbg7 50. Re8 Re7 51.
Rf8 Ref7 52. Rb8 Rb7 53. Rbc8 Rbf7 54. Rd6 Rf2 55. Rcc6 Rg7 56. Rd5 Re7 57. Rd3 Rg7 58. Rg3 Re2 59. Rc5 Re6 60. Rc4 Rf7 61. Rcc3 Rf2 62. Rce3 Ref6 63. Rd3 Ra6 64. Rc3 Raf6 65. Rb3 Re6 66. Ra3 Ref6 67. Ra8 Rf8 68. Ra6 R8f6 69. Ra4 R6f4 70. Raa3 Rf6 71. Rab3 R6f5 72. Ra3 Rf6 1/2-1/2

[Event "*** Titled Tuesday Blitz"]
[Site "Chess.com"]
[Date "2020.10.20"]
[Round "8"]
[White "krasavetc"]
[Black "JiiHart"]
[Result "1-0"]
[WhiteElo "2329"]
[BlackElo "2076"]
[TimeControl "180+1"]
[EndTime "11:38:32 PDT"]
[Termination "krasavetc won by checkmate"]

1. c4 e5 2. e4 Nf6 3. d4 Nxe4 4.
dxe5 Bb4+ 5. Nd2 O-O 6. a3 Bxd2+ 7. Bxd2 d6 8. Nf3 dxe5 9. Be3 Qxd1+ 10. Rxd1 Nc6 11. Bd3 Nd6 12. c5 Nf5 13. Bxf5 Bxf5 14. O-O Rad8 15. b4 a6 16. a4 Bd3 17. Rfe1 e4 18.
Nd2 Nxb4 19. Nb3 Nc2 20. c6 Nxe1 21. Rxe1 b6 22. Nd4 g6 23. h3 Rfe8 24. Rc1 f5 25. g3 Rd5 26. a5 b5 27. Nb3 Re6 28. Bf4 Bc4 29. Nd2 Rxc6 30. Nb3 Rd3 31. Nd2 Bd5 32. Re1 Rc2 33. Nf1 c5 34. Ne3 Ra2 35.
g4 Rxa5 36. gxf5 gxf5 37. Nxf5 Kf7 38. Bg3 Rda3 39. Re2 Ra2 40. Re3 R5a3 41. Nd6+ Ke6 42. Nxe4 Rxe3 43. Nxc5+ Kf5 44. fxe3 Rc2 45. Nxa6 b4 46.
Kf1 b3 47. Nb4 b2 48. Nxc2 b1=Q+ 49. Ne1 Qc2 50. Nxc2 Ke4 51. Bf4 Kf3 52. Nd4+ Ke4 53. Kf2 h5 54. h4 Be6 55. Nf3 Bg4 56. Ng5+ Kf5 57. Nf7 Kg6 58. Nh6 Kf6 59. Nxg4+ hxg4 60. e4 Kg6 61. Kg3 Kh5 62. e5 Kg6 63. e6 Kf6 64.
Kxg4 Kxe6 65. h5 Kf7 66. Kg5 Kg8 67. Kg6 Kh8 68. h6 Kg8 69. h7+ Kf8 70. Kf6 Ke8 71.
Ke6 Kd8 72. h8=R# 1-0

[Event "*** Titled Tuesday Blitz"]
[Site "Chess.com"]
[Date "2020.10.20"]
[Round "8"]
[White "VMikhalevski"]
[Black "rasmussvane"]
[Result "1-0"]
[WhiteElo "2723"]
[BlackElo "2880"]
[TimeControl "180+1"]
[EndTime "11:38:33 PDT"]
[Termination "VMikhalevski won on time"]

1. Nf3 d5 2. g3 e6 3. Bg2 Nf6 4. O-O Be7 5. c4 O-O 6. b3 d4 7. e3 c5 8. Ne5 Qc7 9. exd4 cxd4 10.
Re1 Nc6 11. Nxc6 bxc6 12. d3 e5 13. f4 Bd6 14. fxe5 Bxe5 15. Nd2 Ng4 16. Nf3 Bf6 17. Bf4 Qa5 18. Qd2 Qb6 19. Rac1 Bf5 20. h3 Ne3 21.
Bxe3 dxe3 22. Qxe3 Bxd3 23. c5 Qa6 24. Ne5 Bxe5 25.
Qxe5 Rad8 26. Qc3 Bf5 27. Rcd1 h6 28. a4 Qc8 29. g4 Be6 30. Rd6 Bd5 31. Bxd5 cxd5 32.
Rxd8 Rxd8 33. Qd4 a5 34. Re7 Qb8 35. Qd3 Qf4 36. Kg2 Qf6 37. Re2 Qc6 38. Qd4 Rc8 39. Rc2 Re8 40. Rd2 Rd8 41. Rd3 Qb7 42. Rc3 Qc6 43.
Re3 Rb8 44. Rd3 Rd8 45. Rf3 Qe6 46. Re3 Qd7 47. Re5 Qc6 48. Re3 Rb8 49. Rd3 Rc8 50.
Qxd5 Qxc5 51. Qxc5 Rxc5 52. Rd8+ Kh7 53. Ra8 Kg6 54.
Ra7 f6 55. h4 h5 56. gxh5+ Rxh5 57. Kg3 Rd5 58. Kg4 Rd4+ 59. Kg3 Rd3+ 60. Kf4 Rxb3 61. Rxa5 Rb4+ 62. Kg3 f5 63. Ra7 Kh6 64. a5 Rg4+ 65.
Kh3 Ra4 66. a6 g6 67. Ra8 Ra3+ 68. Kg2 Kh5 69. a7 Kg4 70. h5 g5 71. h6 Ra2+ 72. Kf1 Kf3 73. Ke1 1-0

[Event "*** Titled Tuesday Blitz"]
[Site "Chess.com"]
[Date "2020.10.20"]
[Round "8"]
[White "Ariadna_Atreides"]
[Black "Morshynska"]
[Result "1/2-1/2"]
[WhiteElo "2064"]
[BlackElo "2223"]
[TimeControl "180+1"]
[EndTime "11:38:39 PDT"]
[Termination "Game drawn by repetition"]

1. d4 d5 2. Nf3 Nf6 3. e3 c6 4.
Bd3 Bg4 5. Nbd2 Nbd7 6. h3 Bh5 7. b3 e6 8. Bb2 Bd6 9. c4 Qe7 10. Qc2 Ba3 11. Bxa3 Qxa3 12. O-O O-O 13. cxd5 exd5 14. Ne5 Bg6 15. Nxg6 hxg6 16. Nf3 Rfe8 17. Ng5 Nf8 18.
Rfe1 Ne6 19. Nxf7 Kxf7 20. Bxg6+ Kg8 21. Bxe8 Rxe8 22. Qg6 Rf8 23. f3 a5 24. h4 Qe7 25. g3 Nd7 26. Kg2 Rf6 27. Qd3 Qf7 28. f4 g6 29. Rf1 Ng7 30. g4 Nb6 31. Kg3 Nc8 32. e4 dxe4 33. Qxe4 Nd6 34. Qe3 Re6 35. Qf3 Ne4+ 36. Kg2 Nd2 37. Qf2 Nxf1 38. Rxf1 Qd7 39. f5 gxf5 40. gxf5 Rf6 41. Qc2 Rxf5 42. Qc4+ Qd5+ 43.
Qxd5+ Rxd5 44. Rd1 Nf5 45. Kf3 Nxd4+ 46. Ke4 Nc2 47.
Rxd5 cxd5+ 48. Kxd5 Nb4+ 49. Kc5 Nxa2 50. Kb6 Nc1 51.
Kxa5 Nxb3+ 52. Kb6 Nd4 53. Kxb7 Nf5 54. h5 Ng7 55. h6 Nf5 56. h7+ Kh8 57. Kc7 Ne3 58.
Kd7 Nd1 59. Ke6 Nb2 60. Kf6 Na4 61. Kg6 Nb6 62. Kh6 Na8 63. Kg6 Nc7 64. Kh6 Nb5 65. Kg6 Nd4 66. Kh6 Nf3 67. Kg6 Ne5+ 68. Kh6 Nd7 69. Kg6 Ne5+ 70. Kh6 Nc6 71. Kg6 Nb4 72.
Kh6 Nd3 73. Kg6 Nc5 74. Kh6 Ne4 75. Kg6 Nf2 76. Kh6 Ne4 77. Kg6 Ng3 78. Kh6 Nh1 79.
Kg6 Nf2 80. Kh6 Nd1 81. Kg6 Ne3 82. Kh6 Nd5 83. Kg6 Nc7 84. Kh6 Ne8 85. Kg6 Nd6 86. Kh6 Nb5 87. Kg6 Nd4 88. Kh6 Ne6 89. Kg6 Nf4+ 90. Kh6 Ne6 91. Kg6 Nf8+ 92. Kh6 Nd7 93. Kg6 Nb8 94. Kh6 Nc6 95. Kg6 Na5 96. Kh6 Nc4 97.
Kg6 Na3 98. Kh6 Nc2 99. Kg6 Ne3 100. Kh6 Ng2 101. Kg6 Nf4+ 102. Kh6 Nd5 103. Kg6 Ne7+ 104. Kh6 Nc6 1/2-1/2

[Event "*** Titled Tuesday Blitz"]
[Site "Chess.com"]
[Date "2020.10.20"]
[Round "8"]
[White "Shubinkirill2003"]
[Black "kuban1991"]
[Result "1-0"]
[WhiteElo "2669"]
[BlackElo "2807"]
[TimeControl "180+1"]
[EndTime "11:38:40 PDT"]
[Termination "Shubinkirill2003 won on time"]

1. e4 e6 2. d4 d5 3. Nc3 Bb4 4. e5 c5 5. a3 Bxc3+ 6. bxc3 Nc6 7. Qg4 g6 8. Nf3 Bd7 9. Be2 Qa5 10. Bd2 c4 11. O-O O-O-O 12. Rfb1 f5 13. Qg3 Nge7 14. a4 h6 15. h4 Rdg8 16. Rb5 Qc7 17. a5 Nd8 18. Rbb1 Nf7 19. Bc1 Nc6 20. Ba3 g5 21. h5 Qxa5 22. Bb4 Qc7 23. Bd6 Qd8 24. Nd2 f4 25.
Qh3 b6 26. Bg4 Re8 27. Qf3 Nxd6 28. exd6 Kb7 29. Ra2 Qb8 30. Rba1 a5 31. Rb1 Qxd6 32. Rab2 Qc7 33. Nxc4 dxc4 34. d5 Ne5 35. Qe4 exd5 36.
Qd4 Bxg4 37. Rxb6+ Kc8 38. Qxd5 Rd8 39. Qb5 Rd1+ 40.
Rxd1 Bxd1 41. Ra6 Nd7 42. Ra8+ Nb8 43. Qf5+ Kb7 44. Rxa5 Nc6 45. Rb5+ Ka6 46. Rb1 Qa5 47. Qd7 Rb8 48. Qxc6+ Ka7 49. Qd7+ Ka6 50. Qd6+ Rb6 51. Rxb6+ Qxb6 52. Qxd1 Qf6 53. Qd4 Qc6 54. Kf1 Kb5 55.
f3 Ka4 56. Ke2 Ka3 57. Kd2 Kb2 58. Qd8 Qb5 59. Qd6 Qb7 60. Qb4+ Qxb4 61. cxb4 c3+ 62.
Kd3 g4 63. fxg4 Ka3 64. b5 f3 65. gxf3 Kb4 66. b6 1-0

[Event "*** Titled Tuesday Blitz"]
[Site "Chess.com"]
[Date "2020.10.20"]
[Round "8"]
[White "witcher8"]
[Black "Leonid_Starozhilov"]
[Result "1-0"]
[WhiteElo "2439"]
[BlackElo "2606"]
[TimeControl "180+1"]
[EndTime "11:38:40 PDT"]
[Termination "witcher8 won by resignation"]

1. e4 c5 2. Nc3 e6 3. f4 d5 4.
Bb5+ Bd7 5. Bxd7+ Qxd7 6. exd5 exd5 7. Nf3 Nc6 8. O-O O-O-O 9. d4 cxd4 10. Nxd4 Nf6 11.
Kh1 Bc5 12. Be3 Rhe8 13. Bg1 Bb4 14. Qd3 Bxc3 15. bxc3 Ne4 16. Rab1 Re7 17. Rb5 a6 18. Rb6 Nc5 19. Qg3 Nxd4 20. Bxd4 Ne4 21. Qxg7 Rde8 22.
Rfb1 Nd2 23. Rg1 Nc4 24. Rbb1 Qf5 25. Qg5 Qe4 26. h4 Kb8 27. Rgd1 Ka8 28. Qg4 f5 29. Qf3 Rg8 30. Qxe4 fxe4 31. Rg1 Rg4 32. g3 Nd2 33.
Rg2 Nxb1 34. Kh2 h5 35. Kh3 Na3 36. f5 Nb5 37. Be5 Rf7 38. f6 Ka7 39. Rd2 b6 40. Rxd5 Kb7 41. a4 Nc7 42. Rd8 Rg6 43. Bd4 Rgxf6 44.
Bxf6 Rxf6 45. Rd7 Rf5 46. Re7 Rc5 47. Rxe4 Rxc3 48. Re2 Rc4 49. a5 bxa5 50. Re5 a4 51. Rxh5 Nb5 52. Re5 a3 53. h5 a2 54. Re1 Rxc2 55.
Ra1 Nc3 56. h6 Rd2 57. g4 Rd6 58. g5 Kc7 59. Kh4 Kd7 60. Kh5 Ke7 61. h7 Rd8 62.
Kg6 Nd5 63. Kg7 Nc3 64. h8=Q Rxh8 65. Kxh8 Kf7 66. Kh7 Ne4 67. g6+ Kf6 68. g7 Ng5+ 69. Kh8 Nf7+ 70. Kh7 Ng5+ 71. Kg8 Ne6 72. Rf1+ Ke7 73.
Ra1 Kf6 74. Rxa2 Nxg7 75. Rf2+ Ke5 76. Kxg7 Kd4 77. Ra2 1-0

[Event "*** Titled Tuesday Blitz"]
[Site "Chess.com"]
[Date "2020.10.20"]
[Round "8"]
[White "stolencandy13"]
[Black "cstevens1"]
[Result "0-1"]
[WhiteElo "2466"]
[BlackElo "2669"]
[TimeControl "180+1"]
[EndTime "11:38:41 PDT"]
[Termination "cstevens1 won by checkmate"]

1. e4 c5 2. Nf3 e6 3. d4 cxd4 4.
Nxd4 a6 5. c4 Qc7 6. Nc3 Nf6 7.
Be3 b6 8. Be2 Bb7 9. Qd3 Nc6 10.
Nxc6 dxc6 11. O-O c5 12. f4 Rd8 13. Qc2 Be7 14. e5 Nd7 15. Bd3 g6 16. Be4 Nb8 17.
Bxb7 Qxb7 18. Ne4 Nc6 19. Nf6+ Bxf6 20. exf6 Nd4 21. Qf2 Qe4 22. Rad1 Nf5 23. Rxd8+ Kxd8 24. Rd1+ Kc8 25. Bxc5 bxc5 26. Qxc5+ Kb8 27. g4 Qe3+ 28. Qxe3 Nxe3 29. Rd7 Nxg4 30. Rxf7 Nh6 31. Re7 Rf8 32. Rxe6 Ng4 33. Rxa6 Nxf6 34. Kg2 Nh5 35. Rb6+ Kc7 36. Ra6 Nxf4+ 37. Kg3 Nd3 38. Ra7+ Kc6 39. Rxh7 Nxb2 40. Rh6 Rf6 41. Kg4 Nxc4 42. Kg5 Rf2 43. Rxg6+ Kc5 44. h4 Rxa2 45. h5 Ne5 46. Re6 Kd5 47. Re8 Rg2+ 48. Kf5 Rf2+ 49. Kg5 Nf7+ 50. Kg6 Ne5+ 51. Kg5 Rg2+ 52.
Kf5 Nf3 53. Rd8+ Kc4 54. h6 Rh2 55. Kg6 Nh4+ 56. Kg5 Nf3+ 57. Kg6 Ne5+ 58. Kf5 Nc6 59. Rc8 Kd5 60. Kg6 Ne7+ 61. Kg7 Nxc8 62. h7 Rg2+ 63. Kf7 Nd6+ 64. Kf6 Rh2 65. Kg7 Ne8+ 66. Kg8 Nf6+ 67. Kg7 Rxh7+ 68. Kxf6 Ra7 69. Kg6 Ke5 70. Kg5 Rg7+ 71.
Kh6 Kf6 72. Kh5 Rg1 73. Kh4 Kf5 74. Kh3 Kf4 75. Kh2 Rg8 76. Kh3 Rg7 77. Kh2 Kf3 78. Kh1 Kf2 79. Kh2 Rh7# 0-1

[Event "*** Titled Tuesday Blitz"]
[Site "Chess.com"]
[Date "2020.10.20"]
[Round "8"]
[White "TrickyFortem"]
[Black "queen_iryna"]
[Result "0-1"]
[WhiteElo "2433"]
[BlackElo "2308"]
[TimeControl "180+1"]
[EndTime "11:38:42 PDT"]
[Termination "queen_iryna won by checkmate"]

1. e4 d6 2. d4 Nf6 3. Nf3 Nxe4 4. Bd3 Nf6 5. O-O g6 6. Re1 Bg7 7. Nc3 O-O 8. h3 Nc6 9. Bg5 b6 10. Qd2 Bb7 11. Bh6 Nb4 12. Be2 c5 13. a3 Nc6 14.
Bxg7 Kxg7 15. Rad1 cxd4 16. Nxd4 Nxd4 17. Qxd4 Rc8 18.
Qh4 a6 19. Rd2 Qc7 20. Bd3 b5 21. Ne2 e5 22. Ng3 Nd5 23. Qg5 f6 24. Qg4 Nf4 25.
Bf1 f5 26. Qh4 Rce8 27. Red1 Re6 28. c3 h6 29. Nh1 g5 30. Qg3 Qc6 31. f3 Rff6 32.
Nf2 Rg6 33. Kh1 h5 34. Nd3 Nxd3 35. Bxd3 e4 36. fxe4 fxe4 37. Be2 e3 38. Rd3 g4 39. h4 Rgf6 40. Rg1 Rf2 41. Rxe3 Rxe3 42. Qxe3 Rxg2 43.
Qg5+ Kf8 44. Qf6+ Ke8 45. Qh8+ Kd7 46. Qh7+ Kc8 47. Qg8+ Kc7 48. Qf7+ Kb8 49. Qf8+ Ka7 50. Bf3 gxf3 51. Rxg2 fxg2+ 52. Kh2 Qc5 53. Qg7 g1=Q+ 54.
Qxg1 Qxg1+ 55. Kxg1 Bf3 56. Kf2 Bg4 57. Ke3 Kb6 58.
Kd4 Kc6 59. b3 d5 60. c4 dxc4 61. bxc4 a5 62. c5 b4 63. axb4 axb4 64. Kc4 Be2+ 65. Kxb4 Bf3 66. Kc4 Be2+ 67. Kd4 Bg4 68. Kc4 Be6+ 69.
Kd4 Bf5 70. Ke5 Bg4 71. Kd4 Bf3 72. Kc4 Bd5+ 73. Kd4 Bg2 74. Kc4 Bf3 75. Kd4 Bd5 76. Ke5 Kxc5 77. Kf5 Bf3 78. Kg5 Bg4 79. Kf4 Kd4 80. Kg3 Ke3 81. Kg2 Kf4 82. Kf2 Ke4 83.
Kg2 Ke3 84. Kh2 Kf2 85. Kh1 Kg3 86. Kg1 Kxh4 87. Kh2 Kg5 88. Kg2 Kf4 89. Kh2 h4 90. Kg2 h3+ 91. Kh2 Kf3 92. Kg1 Kg3 93. Kh1 Bf3+ 94.
Kg1 h2+ 95. Kf1 h1=Q# 0-1

[Event "*** Titled Tuesday Blitz"]
[Site "Chess.com"]
[Date "2020.10.20"]
[Round "8"]
[White "ChelsieMonica"]
[Black "IngOscarArdila"]
[Result "1/2-1/2"]
[WhiteElo "2358"]
[BlackElo "2198"]
[TimeControl "180+1"]
[EndTime "11:38:44 PDT"]
[Termination "Game drawn by repetition"]

1. c4 Nf6 2. Nc3 g6 3. d4 Bg7 4. Nf3 d6 5. e4 O-O 6. h3 Nbd7 7. Bd3 e5 8. dxe5 dxe5 9. Be2 Re8 10. O-O h6 11. Be3 Qe7 12. Nd5 Qd8 13. Nxf6+ Qxf6 14. Rc1 c6 15. Qb3 Qe7 16. Rfd1 Nc5 17. Qc2 Ne6 18. c5 Bd7 19. Rd6 Nf4 20. Rcd1 Be6 21.
Bc4 Qf6 22. Bxf4 exf4 23. e5 Qf5 24. Qxf5 Bxf5 25. Nh4 Bxe5 26. Nxf5 gxf5 27. Rxh6 Kg7 28.
Rh5 Kg6 29. Rh4 Re7 30. b3 Rg8 31. a4 Rg7 32. Rh8 Kf6 33. Rh6+ Kg5 34. Rh8 Kf6 35. Ra8 f3 36. g3 a6 37. Rdd8 f4 38. g4 Bc3 39.
Rd6+ Ke5 40. Rh8 Rg5 41. Rh7 Bd4 42. Kf1 Bxc5 43. Rd1 Kf6 44. Rh6+ Rg6 45. Rh5 Bb6 46. Rf5+ Kg7 47. Rxf4 Rf6 48. Rxf6 Kxf6 49. Rd3 Kg5 50.
Rxf3 f6 51. Kg2 Re1 52. Kg3 Bc7+ 53. Kg2 Rc1 54. Rf5+ Kg6 55. Bd3 Kg7 56. Rf3 Rd1 57. Bc4 Rd2 58. h4 Be5 59. h5 Kh6 60. Rf5 b5 61.
axb5 axb5 62. Bf7 Rd4 63. Kf3 Kg7 64. Be8 Rd3+ 65. Kg2 Rxb3 66. Bxc6 Rb4 67. g5 Rg4+ 68. Kf3 Rxg5 69. Rxg5+ fxg5 70. Bxb5 Kh6 71. Kg4 Bf4 72. f3 Be3 73. Be8 Bf4 74. Bg6 Be3 75. Kf5 Bf4 76. Kg4 Be3 77. Bd3 Bf4 78. Bf1 Be3 79.
Bh3 Bf4 80. Kf5 Be3 81. Bg4 Bf4 82. Ke4 Bc1 83. Kd3 Bf4 84. Kc2 Be3 85. Kd1 Bf4 86. Ke1 Be3 87. Kd1 Bf4 88. Ke2 Be5 89. Kd3 Bf4 90. Ke4 Bg3 91. Ke3 Bf4+ 92. Ke4 1/2-1/2

[Event "*** Titled Tuesday Blitz"]
[Site "Chess.com"]
[Date "2020.10.20"]
[Round "8"]
[White "Sokoloco"]
[Black "Margency"]
[Result "0-1"]
[WhiteElo "2472"]
[BlackElo "2684"]
[TimeControl "180+1"]
[EndTime "11:38:49 PDT"]
[Termination "Margency won by resignation"]

1. b3 g6 2. Bb2 Nf6 3. Bxf6 exf6 4. c4 f5 5. Nc3 d6 6. Nf3 Nd7 7. d4 Nf6 8. e3 Bg7 9. Bd3 O-O 10. O-O c6 11. Rc1 Re8 12. d5 c5 13. Qc2 a6 14. a3 Bd7 15. b4 b6 16. Rb1 Ng4 17. bxc5 bxc5 18. Rb7 Bc8 19. Rb3 Ra7 20. Rfb1 Rae7 21.
Ne2 Qa5 22. h3 Ne5 23. Nxe5 Bxe5 24. Qc1 Bd7 25. Rb7 Kg7 26. g3 Bc8 27. Rb8 h5 28. h4 Bd7 29. R8b7 Ba4 30. Rxe7 Rxe7 31. Rb8 Qc7 32. Qb1 Qa5 33. Kg2 Qd2 34. Nf4 Bd1 35. Bxf5 Qe1 36. Nxh5+ gxh5 37. Bh7 Bf6 38. Rg8+ Kh6 39.
Qf5 Bf3+ 40. Qxf3 Kxh7 41. Rf8 Kg7 42. Rd8 Re5 43. Qf4 Qb1 44. Rd7 Qe4+ 45. Qxe4 Rxe4 46.
Rxd6 Rxc4 47. Rc6 Rc2 48. d6 Kf8 49. Rc8+ Kg7 50. d7 Rd2 51. Rxc5 Rxd7 52. Rxh5 Rd2 53.
Ra5 Rc2 54. Rxa6 Bc3 55. Kf3 Be1 56. Kg4 Rxf2 57. e4 Rg2 58. Rd6 Rxg3+ 59. Kf5 Rxa3 60. Rd7 Bxh4 61. e5 Ra6 62. Rc7 Re6 63. Rb7 Bg3 64. Rb5 Bh2 65. Rd5 Bg1 66. Rb5 Bb6 67.
Rd5 Kf8 68. Rd7 Kg7 69. Rb7 Bd4 70. Rb5 Bc3 71. Rd5 Rxe5+ 72. Rxe5 Bxe5 73. Kxe5 Kg6 74. Ke4 Kg5 75. Ke3 Kg4 76. Ke2 Kf4 77. Kf2 f5 78. Ke2 Kg3 79. Kf1 f4 80. Kg1 f3 81. Kh1 Kf2 82.
Kh2 Ke2 0-1

[Event "*** Titled Tuesday Blitz"]
[Site "Chess.com"]
[Date "2020.10.20"]
[Round "8"]
[White "sjam6687"]
[Black "VerdeNotte"]
[Result "0-1"]
[WhiteElo "2666"]
[BlackElo "2870"]
[TimeControl "180+1"]
[EndTime "11:38:50 PDT"]
[Termination "VerdeNotte won on time"]

1. d4 Nf6 2. c4 g6 3. Nc3 Bg7 4.
e4 d6 5. f4 O-O 6. Nf3 c5 7.
d5 e6 8. Bd3 exd5 9. cxd5 b5 10.
Nxb5 Nxe4 11. O-O Re8 12. Re1 a6 13. Na3 Nf6 14. Nc4 Rxe1+ 15. Qxe1 Bg4 16. Be4 Nxe4 17. Qxe4 Nd7 18. h3 Nf6 19. Qd3 Bf5 20. Qe2 Be4 21. Be3 Nxd5 22. Bf2 Bf5 23. Rd1 Nxf4 24. Qe3 Bh6 25. Qa3 d5 26. Ne3 Be4 27. Ng4 Bf8 28. Bh4 Be7 29. Bxe7 Qxe7 30. Re1 h5 31. Nf2 Qb7 32. Qe3 Ne6 33. Nxe4 dxe4 34. Qxe4 Qxe4 35. Rxe4 Rd8 36. Ra4 Rd6 37. Ne5 Kg7 38. Nc4 Rd4 39. b3 Nc7 40. Ra5 Rd5 41. Ra4 Kf6 42. Kf2 Rf5+ 43.
Ke3 Rg5 44. Kf3 Rf5+ 45. Ke3 Nd5+ 46. Kd3 Nb4+ 47. Ke4 Rf2 48. g4 Rxa2 49. Rxa2 Nxa2 50. gxh5 gxh5 51. Kf4 Nb4 52. Na5 Nd5+ 53. Ke4 Ke6 54. Nb7 Nf6+ 55. Kf4 Nd7 56. Kg5 Ke5 57. Kxh5 Kf4 58. h4 f5 59. Kg6 Kg4 60. h5 f4 61. Nd6 f3 62. Nc4 Kf4 63. h6 f2 64.
Nd2 Ke3 65. Nf1+ Ke2 66. Ng3+ Kf3 67. Nf1 c4 68. bxc4 Ke2 69. Ng3+ Kf3 0-1

[Event "*** Titled Tuesday Blitz"]
[Site "Chess.com"]
[Date "2020.10.20"]
[Round "8"]
[White "ikhasu"]
[Black "A-S-00"]
[Result "1-0"]
[WhiteElo "2419"]
[BlackElo "2289"]
[TimeControl "180+1"]
[EndTime "11:38:51 PDT"]
[Termination "ikhasu won on time"]

1. Nf3 d5 2. g3 Nf6 3. Bg2 c5 4.
b3 Nc6 5. Bb2 g6 6. O-O Bg7 7.
d3 O-O 8. Nbd2 Qc7 9. Qe1 e5 10.
e4 d4 11. a4 Rb8 12. Nc4 Be6 13. Ng5 Bxc4 14. bxc4 h6 15. Nh3 Nb4 16. Qe2 Nd7 17. f4 exf4 18. gxf4 Rbe8 19. Qf2 Nf6 20. Ba3 Ng4 21. Qe2 Ne3 22. Rfc1 Qd7 23. a5 f5 24. e5 g5 25. c3 Nxg2 26. cxb4 Nxf4 27. Nxf4 gxf4 28. Kh1 Rxe5 29. Qg2 Rfe8 30. Rg1 Re2 31. Qf3 R8e3 32. Qd5+ Qxd5+ 33. cxd5 cxb4 34. Bxb4 Kf7 35. Rac1 Rh3 36. Rc7+ Kf6 37. Rgxg7 Rexh2+ 38. Kg1 Rh1+ 39. Kf2 R1h2+ 40. Rg2 Rxg2+ 41. Kxg2 Rg3+ 42. Kf2 Rg8 43. d6 Rd8 44. Kf3 h5 45. Kxf4 h4 46. Rh7 b6 47.
axb6 axb6 48. d7 Ke6 49. Re7+ Kd5 50. Kxf5 h3 51. Rh7 h2 52. Rxh2 Rxd7 53. Rh5 Kc6 54. Ke4 b5 55. Re5 Kb6 56. Re6+ Kb7 57. Rd6 Re7+ 58.
Kxd4 Re2 59. Kc5 Kc7 60. Kxb5 Rb2 61. Rc6+ Kb7 62. Rh6 Rc2 63. Rh7+ Kb8 64. d4 Kc8 65.
d5 Kd8 66. Kb6 Rd2 67. Kc6 Rd3 68. d6 1-0

[Event "*** Titled Tuesday Blitz"]
[Site "Chess.com"]
[Date "2020.10.20"]
[Round "8"]
[White "canary2016"]
[Black "lelya96"]
[Result "1-0"]
[WhiteElo "1957"]
[BlackElo "2173"]
[TimeControl "180+1"]
[EndTime "11:38:53 PDT"]
[Termination "canary2016 won by checkmate"]

1. d4 d5 2. c4 c6 3. Nf3 Nf6 4. g3 e6 5. Nbd2 Bb4 6. Qc2 O-O 7. Bg2 b6 8. O-O Bb7 9. Rd1 Qc8 10. a3 Be7 11. b4 c5 12. dxc5 bxc5 13. cxd5 exd5 14. bxc5 Bxc5 15. Qb3 Nc6 16. Bb2 Ng4 17. e3 Re8 18.
Rac1 Bb6 19. Qc3 f6 20. h3 Nxf2 21. Rf1 Nxh3+ 22. Kh2 Rxe3 23. Bxh3 Rxc3 24. Bxc8 Rxc1 25. Be6+ Kh8 26. Rxc1 Rd8 27. Nb3 Be3 28. Re1 d4 29. Rd1 d3 30. Bc4 d2 31. Nfxd2 Ne5 32. Be2 h6 33. Nf1 Rxd1 34. Bxd1 Bb6 35. Nfd2 Kh7 36. Bxe5 fxe5 37. Nc4 g6 38. Nxe5 Bc7 39. Nd7 Bd6 40.
Ndc5 Bc6 41. Be2 Bxc5 42. Nxc5 a5 43. Bd3 a4 44. Kg1 Kg7 45. Kf2 Kf6 46. Ke3 Ke5 47. Bxg6 Kd5 48. Nd3 Kc4 49. Nf2 Kb3 50. Ne4 Kxa3 51.
Nc5 Kb4 52. Nxa4 Kxa4 53. Kf4 Bd5 54. Bh5 Kb5 55. Kf5 Kc5 56. Kg6 Be4+ 57. Kxh6 Kd4 58.
g4 Ke5 59. g5 Bf5 60. Bg6 Be6 61. Bc2 Bg8 62. g6 Kf6 63. g7 Bf7 64. Bh7 Be6 65. Bg6 Bg8 66. Bd3 Be6 67. Kh7 Bf7 68. Kh8 Be6 69.
Bh7 Bd5 70. Bg8 Be4 71. Bb3 Bh7 72. Kxh7 Ke5 73. g8=Q Kd4 74. Qe8 Kc3 75. Qd7 Kxb3 76. Kg6 Kc4 77. Kf5 Kc5 78. Ke5 Kc4 79. Qd4+ Kb3 80.
Qc5 Kb2 81. Ke4 Kb3 82. Kd3 Kb2 83. Qc3+ Ka2 84. Qb4 Ka1 85. Kc2 Ka2 86. Qb2# 1-0

[Event "*** Titled Tuesday Blitz"]
[Site "Chess.com"]
[Date "2020.10.20"]
[Round "8"]
[White "igorkovalenko"]
[Black "tptagain"]
[Result "1/2-1/2"]
[WhiteElo "2816"]
[BlackElo "2908"]
[TimeControl "180+1"]
[EndTime "11:38:58 PDT"]
[Termination "Game drawn - insufficient material"]

1. e4 g6 2. d4 Bg7 3. Nf3 d6 4. h3 Nf6 5. Bd3 O-O 6. O-O Nc6 7. c3 e5 8. Re1 a5 9. Na3 Re8 10.
Nc2 a4 11. Bg5 h6 12. Bh4 g5 13. Bg3 Nh5 14. d5 Ne7 15. Ne3 Nf4 16. Bb5 Bd7 17. Bxd7 Qxd7 18. Nh2 f5 19. exf5 Nxf5 20. Qg4 Rf8 21.
Rad1 a3 22. b3 Rad8 23. Nxf5 Rxf5 24. Bxf4 Rxf4 25. Qxd7 Rxd7 26. g3 Rf8 27. Re4 Rdf7 28. Rd2 h5 29. Kg2 Kh7 30. f3 Kg6 31. Rde2 Ra8 32. Nf1 Ra5 33. c4 b5 34. Rd2 bxc4 35. Rxc4 e4 36. fxe4 g4 37. hxg4 hxg4 38. Rdc2 Ra7 39.
Ne3 Kg5 40. Nf5 Be5 41. Rc1 Rh7 42. Rh1 Rxh1 43. Kxh1 Kf6 44. Kg2 Kg5 45. Rc2 Rb7 46. Ne3 Rb4 47. Nc4 Kf6 48. Rf2+ Ke7 49. Re2 Bb2 50. Kf2 Kf6 51. Ke3 Be5 52. Rf2+ Ke7 53.
Nxe5 dxe5 54. Rf5 Kd7 55. Rf7+ Kd6 56. Rf6+ Kd7 57. Ra6 Rb8 58. Rg6 Rb4 59. Rg7+ Kd6 60. Rg6+ Kd7 61. Ra6 Rb8 62. Rxa3 Rf8 63. Ra6 Rf3+ 64.
Ke2 Rxg3 65. Re6 Rg2+ 66. Kd3 Rxa2 67. Rxe5 g3 68. Rg5 g2 69. b4 Rb2 70. Kc4 Re2 71.
Kd4 Rb2 72. Rg7+ Ke8 73. e5 Rxb4+ 74. Kc5 Rb2 75. e6 Rc2+ 76. Kd4 Kf8 77. Rg4 Ke7 78.
Ke5 Re2+ 79. Kd4 Kd6 80. Rg6 Rd2+ 81. Ke4 Re2+ 82. Kd4 Rd2+ 83. Ke4 Re2+ 84. Kd3 Re1 85. Rxg2 Kxd5 86. Rg7 c5 87. e7 Kd6 88. Kc4 Rxe7 89. Rxe7 Kxe7 90. Kxc5 1/2-1/2

[Event "*** Titled Tuesday Blitz"]
[Site "Chess.com"]
[Date "2020.10.20"]
[Round "8"]
[White "TomiLen"]
[Black "TrimitziosP7"]
[Result "1/2-1/2"]
[WhiteElo "2623"]
[BlackElo "2767"]
[TimeControl "180+1"]
[EndTime "11:39:05 PDT"]
[Termination "Game drawn - insufficient material"]

1. c4 Nf6 2. Nc3 c6 3. d4 d5 4. Nf3 a6 5. e3 b5 6. b3 Bg4 7.
a4 b4 8. Ne2 Nbd7 9. Ne5 Nxe5 10.
dxe5 Nd7 11. h3 Bh5 12. cxd5 Nxe5 13. Bb2 Nd7 14. dxc6 Nc5 15. Qxd8+ Rxd8 16. Nf4 Bg6 17. Nxg6 hxg6 18. Bc4 Rc8 19. Bd4 Rxc6 20. Bxc5 Rxc5 21.
Bxa6 e6 22. Bb5+ Ke7 23. Rd1 Kf6 24. Bc4 Be7 25. Ke2 Rhc8 26. Rd7 R8c7 27. Rhd1 Rc8 28.
Rb7 R8c7 29. Rd7 Bd6 30. Kd3 Rxb7 31. Rxb7 Rg5 32. g3 Ra5 33. Bb5 Ra8 34. h4 Rc8 35.
Bc4 Be5 36. Ke4 Rd8 37. a5 Bd6 38. a6 Bc5 39. Rb5 Rc8 40. Kf3 Rc7 41. Bd3 Ke7 42. Be4 f5 43. Bb7 Ba7 44. Rxb4 e5 45. Ra4 Rc2 46.
Rc4 e4+ 47. Kg2 Rb2 48. Kf1 Kd6 49. Rc6+ Ke5 50. Rxg6 Rb1+ 51. Kg2 Rb2 52. Kf1 Rb1+ 53. Ke2 Rxb3 54. Rxg7 Rb2+ 55. Kf1 Rb1+ 56. Kg2 Rb2 57. Re7+ Kd6 58. Re8 Bxe3 59. Bxe4 Rxf2+ 60. Kh3 fxe4 61. Rxe4 Ba7 62. Rg4 Ra2 63. Rg6+ Ke5 64. h5 Kf5 65. Rc6 Kg5 66. h6 Ra5 67. h7 Ra1 68. Kg2 Ra2+ 69. Kf3 Rf2+ 70. Ke4 Rf8 71. Rc7 Bf2 72.
a7 Kh6 73. Rb7 Bxg3 74. Kd5 Rd8+ 75. Kc6 Rh8 76. Kb5 Bf2 77. Ka6 Bxa7 78. Kxa7 Rxh7 79. Rxh7+ Kxh7 1/2-1/2